 Dungeon Crawl Stone Soup version 0.20.0-10-g0535bb4 (webtiles) character file.

4114 MTVSty1e the Cleaver (level 10, -5/73 HPs)
             Began as a Vampire Gladiator on June 6, 2017.
             Was a Priest of Cheibriados.
             Slain by a yak (12 damage)
             ... on level 8 of the Dungeon.
             The game lasted 00:12:37 (7965 turns).

MTVSty1e the Cleaver (Vampire Gladiator)            Turns: 7965, Time: 00:12:37

Health: -5/73      AC:  9    Str: 22    XL:     10   Next: 6%
Magic:  10/10      EV: 15    Int: 20    God:    Cheibriados [***...]
Gold:   514        SH:  5    Dex: 27    Spells: 9/9 levels left

rFire    . . .     SeeInvis +   o - +3 war axe of Zaedan {drain, Int+3}
rCold    + . .     Gourm    .   (no shield)
rNeg     + . .     Faith    .   n - +0 chain mail
rPois    .         Spirit   .   c - +0 helmet
rElec    .         Reflect  +   (no cloak)
rCorr    .         Harm     .   (no gloves)
MR       ++...                  (no boots)
Stlth    ..........             E - +5 amulet of reflection
Regen    0.3/turn               u - ring of protection from cold
MPRegen  0.2/turn               D - ring of protection from magic

@: agile, very slow
A: fangs 3, see invisible, unbreathing
a: Bat Form, Bend Time, Temporal Distortion, Renounce Religion


You were on level 8 of the Dungeon.
You worshipped Cheibriados.
Cheibriados was most pleased with you.
You were not thirsty.

You visited 2 branches of the dungeon, and saw 9 of its levels.

You collected 514 gold pieces.

Inventory:

Hand Weapons
 a - a +1 war axe
 o - the +3 war axe of Zaedan (weapon) {drain, Int+3}
   (You found it on level 5 of the Dungeon)

   A truly terrible weapon, it drains the life of those it strikes.
   It affects your intelligence (+3).
Missiles
 d - 5 throwing nets (quivered)
Armour
 b - a +1 leather armour
 c - a +0 helmet (worn)
 n - a +0 chain mail (worn)
Jewellery
 u - a ring of protection from cold (left hand)
 D - a ring of protection from magic (right hand)
 E - a +5 amulet of reflection (around neck)
Wands
 m - a wand of polymorph (3/24)
 x - a wand of confusion (34/48)
 y - a wand of acid (8/15)
 A - a wand of paralysis (15/24)
Scrolls
 f - a scroll of enchant armour
 i - 2 scrolls of remove curse
 j - a scroll of blinking
 l - 2 scrolls of teleportation
 p - 2 scrolls of amnesia
 q - a scroll of magic mapping
 B - a scroll of identify
 C - a scroll of enchant weapon
 F - a scroll of fog
Potions
 g - 4 potions of curing
 h - 3 potions of lignification
 k - a potion of flight
 r - 2 potions of degeneration {unknown}
 s - a potion of mutation {unknown}
 w - a potion of resistance
 z - a potion of might {unknown}
 G - a potion of ambrosia {unknown}


   Skills:
 - Level 4.7 Fighting
 * Level 12.5 Axes
 - Level 1.5 Throwing
 - Level 3.2 Dodging


You had 9 spell levels left.
You didn't know any spells.

Dungeon Overview and Level Annotations

Branches:
Dungeon (8/15)             Temple (1/1) D:4
   Lair: D:8-11

Altars:
Ashenzari
Cheibriados
Dithmenos
Elyvilon
Fedhas
Gozag
Hepliaklqana
Kikubaaqudgha
Makhleb
Nemelex Xobeh
Okawaru
Qazlal
Ru
Sif Muna
Trog
Uskayaw
Vehumet
Xom
Yredelemnul
Zin
The Shining One

Shops:
D:7 (


Innate Abilities, Weirdness & Mutations

You have razor-sharp teeth.
You have supernaturally acute eyesight. (SInv)
You can survive without breathing.


Message History

The yak gores you!
* * * LOW HITPOINT WARNING * * *
You feel much better. You block the yak's attack.
The phantom blinks!
The yak gores you but does no damage. The yak misses you.
The yak closely misses you. The yak gores you.
* * * LOW HITPOINT WARNING * * *
Okay, then.
Okay, then.
You fail to use your ability.
The yak gores you.
* * * LOW HITPOINT WARNING * * *
The yak seems less drained.
You block the yak's attack.
Found a sacrificial altar of Ru.
The yak gores you!
* * * LOW HITPOINT WARNING * * *
The yak closely misses you. The yak gores you!
You die...

......(Z>o..o............
.......#####.##.#.######.
....... #W##.#.# #.
....... #.##.#.# #.
....... #o##.#.# #.
......$ #Z##.#.# ##
#####.. #.##.#..
......#####o##.#..
.......@Yo.Z.......
####.######........
....._..# ##......#
#.....# #.#### .# # #.#
#.# #.#


You could see a yak, an orc warrior, an orc and a hound zombie.

Vanquished Creatures
  An unseen horror (D:7)
  Sigmund (D:2)
  4 hogs (D:7)
  A human (D:7)
  2 yaks (D:8)
  Edmund (D:4)
  An orc warrior (D:6)
  3 ice beasts
  A phantom (D:6)
  A hornet zombie (D:6)
  3 ogres
  5 centaurs
  3 bullfrogs
  A wyvern skeleton (D:8)
  A crimson imp (D:7)
  A quasit (D:5)
  2 hounds
  A jelly (D:5)
  A centaur skeleton (D:7)
  2 orc priests
  3 bullfrog skeletons
  4 worker ants
  4 orc wizards (D:6)
  A killer bee zombie (D:6)
  A hound zombie (D:6)
  2 howler monkey zombies
  4 gnolls
  8 adders
  A shadow imp (D:6)
  4 oozes
  An adder zombie (D:7)
  2 worms (D:2)
  A dart slug (D:1)
  8 leopard geckos
  8 orcs
  A bat zombie (D:6)
  5 giant cockroaches
  11 goblins
  11 hobgoblins
  8 jackals
  3 ball pythons
  5 bats
  8 frilled lizards
  A jackal skeleton (D:4)
  A jackal zombie (D:3)
  7 kobolds
  9 rats
  A rat zombie (D:6)
159 creatures vanquished.

Vanquished Creatures (others)
  A centaur (D:8)
  An orc wizard (D:8)
2 creatures vanquished.

Grand Total: 161 creatures vanquished

Notes
Turn   | Place    | Note
-------+----------+-------------------------------------------
     0 | D:1      | MTVSty1e the Vampire Gladiator began the quest for the Orb.
     0 | D:1      | Reached XP level 1. HP: 16/16 MP: 1/1
   126 | D:1      | Reached skill level 3 in Axes
   126 | D:1      | Reached XP level 2. HP: 17/22 MP: 2/2
   557 | D:1      | Reached XP level 3. HP: 27/27 MP: 3/3
  1220 | D:2      | Reached skill level 4 in Axes
  1220 | D:2      | Reached XP level 4. HP: 23/34 MP: 4/4
  1505 | D:2      | Noticed Sigmund
  1524 | D:2      | Killed Sigmund
  1524 | D:2      | Reached skill level 5 in Axes
  1524 | D:2      | Reached XP level 5. HP: 7/41 MP: 5/5
  2093 | D:2      | Found a hide-covered altar of Uskayaw.
  2385 | D:3      | Noticed an ice beast
  2400 | D:3      | Killed an ice beast
  2400 | D:3      | Reached XP level 6. HP: 40/48 MP: 6/6
  2927 | D:3      | Found a white marble altar of Elyvilon.
  3284 | D:3      | Found a glowing golden altar of the Shining One.
  3290 | D:3      | Reached skill level 6 in Axes
  3553 | D:4      | Reached XP level 7. HP: 35/54 MP: 7/7
  3660 | D:4      | Found a staircase to the Ecumenical Temple.
  3669 | Temple   | Entered the Ecumenical Temple
  3686 | Temple   | Became a worshipper of Cheibriados the Contemplative
  3979 | D:4      | Found a hazy altar of Hepliaklqana.
  3981 | D:4      | Found a sparkling altar of Nemelex Xobeh.
  4041 | D:4      | Noticed Edmund
  4052 | D:4      | Killed Edmund
  4201 | D:4      | Found a shimmering altar of Xom.
  4340 | D:5      | Entered Level 5 of the Dungeon
  4357 | D:5      | Got a smoking war axe
  4358 | D:5      | Identified the +3 war axe of Zaedan {drain, Int+3} (You found it on level 5 of the Dungeon)
  4897 | D:5      | Reached skill level 7 in Axes
  4924 | D:5      | Reached * piety under Cheibriados
  4977 | D:5      | Reached XP level 8. HP: 50/61 MP: 8/8
  5117 | D:5      | Reached skill level 8 in Axes
  5922 | D:6      | Found an ancient bone altar of Kikubaaqudgha.
  6056 | D:6      | Reached skill level 9 in Axes
  6194 | D:6      | Reached ** piety under Cheibriados
  6534 | D:6      | Reached skill level 10 in Axes
  6690 | D:6      | Reached XP level 9. HP: 62/66 MP: 9/9
  7054 | D:7      | Noticed an unseen horror
  7076 | D:7      | Killed an unseen horror
  7076 | D:7      | Reached skill level 11 in Axes
  7446 | D:7      | Found a hazy altar of Hepliaklqana.
  7535 | D:7      | Reached skill level 12 in Axes
  7646 | D:7      | Found Adeadid's Antique Weapon Emporium.
  7871 | D:8      | Reached *** piety under Cheibriados
  7933 | D:8      | Reached XP level 10. HP: 57/73 MP: 10/10
  7949 | D:8      | HP: 3/73 [yak (12)]
  7961 | D:8      | Found a sacrificial altar of Ru.
  7965 | D:8      | Slain by a yak

Skill      XL: |  1  2  3  4  5  6  7  8  9 |
---------------+----------------------------+-----
Fighting       | 2 3 4 |  4.7
Axes           | 3 4 5 6 7 10 12 | 12.5
Throwing       | |  1.5
Dodging        | |  3.2

Action                   |  1- 3 |  4- 6 |  7- 9 | 10-12 || total
-------------------------+-------+-------+-------+-------++-------
Melee: War axe           |   101 |   124 |   247 |    12 ||   484
       Bite              |     5 |    15 |    31 |     4 ||    55
       Unarmed           |       |       |     4 |       ||     4
  Use: Potion            |       |     4 |     3 |     3 ||    10
       Scroll            |       |       |    22 |       ||    22
  Eat: Corpse            |     1 |     3 |     5 |       ||     9
Armor: Leather armour    |    21 |       |       |       ||    21
       Chain mail        |    48 |    62 |   146 |     1 ||   257
Dodge: Dodged            |    70 |    49 |   134 |     8 ||   261
Block: Other             |       |       |    12 |     6 ||    18
       Reflection        |       |       |     2 |     1 ||     3
